Map: Thunderbird LE

Players

Gerald - Winner!

  • Race: Protoss Protoss
  • Spawn Location: 11:00

Lemon

  • Race: Zerg Zerg
  • Spawn Location: 5:00

VOD

Have the link to the VOD?

Description

Time

  • Played on: Sept. 6, 2019, 7:27 p.m.
  • Length: 17:03
Show
View Real Time Build Order
Export as new Build Order

Gerald Protoss - Winner!

Build Orders: 1 Gate Expand, Oracle Opening 

Get SALT Encoding   

  12  0:00  Probe  
  13  0:12  Probe  
  14  0:20  Pylon  
  14  0:24  Probe  
  15  0:29  Assimilator  
  15  0:37  Probe  
  16  0:43  Gateway  
  16  0:45  Probe  
  17  0:53  Probe  
  18  1:05  Probe  
  19  1:17  Probe  
  20  1:24  Nexus  
  20  1:33  Cybernetics Core  
  20  1:40  Probe  
  20  1:42  Assimilator  
  21  1:50  Pylon  
  21  1:54  Probe  
  21  2:00  Adept  
  22  2:07  Probe  
  25  2:19  Stargate, Probe  
  25  2:21  Adept  
  26  2:27  Warp Gate  
  26  2:31  Probe  
  26  2:36  Probe  
  30  2:43  Probe  
  31  2:48  Probe  
  31  2:51  Stalker  
  32  2:55  Probe  
  35  3:00  Oracle, Probe  
  36  3:07  Probe  
  36  3:12  Probe  
  41  3:19  Gateway, Probe  
  42  3:24  Pylon, Probe  
  43  3:30  Oracle  
  44  3:35  Assimilator  
  44  3:39  Assimilator  
  46  3:42  Probe  
  46  3:47  Probe  
  48  3:50  Pylon  
  48  3:52  Gateway  
  48  3:54  Probe  
  49  3:57  Oracle  
  49  3:59  Probe  
  50  4:04  Pylon  
  53  4:14  Probe  
  53  4:15  Probe  
  55  4:21  Stargate  
  55  4:22  Zealot  
  57  4:26  Probe, Zealot  
  57  4:27  Probe  
  57  4:30  Pylon  
  57  4:31  Phoenix  
  63  4:38  Probe  
  63  4:44  Probe  
  65  4:55  Pylon  
  65  4:59  Phoenix  
  65  5:02  Phoenix, Nexus  
  69  5:19  Probe  
  69  5:20  Phoenix  
  70  5:21  Gateway  
  70  5:22  Phoenix  
  70  5:23  Probe  
  70  5:24  Pylon  
  75  5:32  Adept x2  
  79  5:45  Gateway  
  79  5:46  Shield Battery, Phoenix  
  79  5:47  Phoenix  
  83  6:00  Adept  
  83  6:03  Probe  
  86  6:07  Probe  
  86  6:08  Phoenix  
  89  6:12  Phoenix, Probe  
  89  6:15  Probe  
  89  6:17  Protoss Air Weapons Level 1  
  93  6:19  Probe  
  93  6:20  Probe  
  95  6:27  Probe  
  95  6:31  Phoenix  
  96  6:34  Phoenix  
  96  6:37  Probe  
  96  6:38  Probe  
  102  6:40  Assimilator  
  102  6:44  Probe, Assimilator  
  103  6:47  Pylon  
  103  6:49  Probe  
  103  6:50  Probe  
  105  6:56  Probe  
  105  6:59  Phoenix  
  108  7:03  Probe  
  109  7:11  Probe  
  109  7:12  Stalker x3  
  109  7:14  Probe  
  117  7:16  Robotics Facility  
  117  7:17  Pylon  
  117  7:18  Robotics Facility  
  117  7:19  Pylon  
  117  7:33  Probe  
  117  7:35  Twilight Council  
  116  7:37  Forge  
  110  7:47  Blink, Probe  
  110  7:48  Probe  
  110  7:49  Probe  
  113  7:52  Gateway, Protoss Ground Weapons Level 1  
  113  7:53  Gateway  
  113  7:55  Stalker x5  
  113  7:56  Gateway  
  123  8:05  Immortal, Observer  
  128  8:23  Immortal  
  117  8:34  Warp Prism  
  110  8:44  Stalker x5  
  122  8:49  Stalker x2  
  122  8:52  Templar Archives  
  126  8:58  Immortal  
  130  9:10  Nexus  
  130  9:13  Pylon  
  130  9:15  Warp Prism  
  130  9:23  Pylon  
  130  9:27  Assimilator  
  130  9:29  Stalker x3  
  130  9:30  Assimilator  
  130  9:31  Psionic Storm  
  126  9:43  High Templar x2  
  126  9:44  Zealot x2, High Templar  
  126  9:45  Probe  
  137  9:46  Charge  
  137  9:47  Immortal  
  137  9:51  Immortal  
  145  9:55  Protoss Ground Weapons Level 2  
  146  10:00  Probe x2  
  146  10:01  Probe  
  148  10:12  Probe  
  149  10:15  Photon Cannon  
  149  10:17  Photon Cannon  
  149  10:19  Shield Battery  
  149  10:20  Shield Battery  
  149  10:22  Probe  
  149  10:24  Photon Cannon, Pylon  
  150  10:34  Probe  
  151  10:40  Probe  
  151  10:41  Immortal x2  
  160  10:46  Probe  
  160  10:47  Probe  
  157  10:57  High Templar  
  157  10:58  High Templar x5  
  157  11:04  Probe  
  170  11:05  Probe  
  170  11:07  Probe  
  172  11:25  Nexus  
  172  11:27  Pylon  
  172  11:31  Assimilator  
  172  11:33  Assimilator  
  172  11:34  Pylon  
  172  11:36  Pylon x2  
  172  11:37  Fleet Beacon  
  172  11:38  Pylon x2  
  172  11:40  Pylon  
  172  11:45  Probe  
  172  11:46  Immortal  
  169  11:54  Zealot x6  
  169  11:55  Zealot x2  
  179  12:09  Immortal  
  183  12:16  Stalker x5  
  183  12:17  Stalker x3  
  197  12:24  Pylon  
  197  12:26  Pylon  
  195  12:37  Tempest  
  195  12:40  Immortal  
  197  12:50  Tempest  
  180  12:59  Archon  
  180  13:03  High Templar x4  
  180  13:04  High Templar x4  
  199  13:10  Archon  
  199  13:11  Archon x3  
  193  13:19  Tempest  
  187  13:27  Tempest  
  188  13:36  Protoss Ground Weapons Level 3  
  186  13:43  Zealot x7  
  186  13:46  Protoss Air Weapons Level 2  
  200  13:56  Photon Cannon  
  200  13:58  Photon Cannon  
  200  14:00  Shield Battery  
  200  14:01  Shield Battery  
  200  14:06  Zealot  
  192  14:11  Zealot x2  
  192  14:15  Sentry  
  191  14:21  Zealot  
  191  14:23  Mothership  
  179  14:28  Probe x2  
  148  14:32  Carrier x2  
  143  14:39  Stargate, Probe  
  143  14:43  Probe x3  
  166  14:47  Probe  
  166  14:49  Pylon  
  167  14:55  Probe  
  167  14:56  Probe  
  167  14:58  Probe x2  
  171  15:03  Photon Cannon  
  171  15:04  Photon Cannon  
  171  15:08  Pylon  
  171  15:13  Carrier, Zealot x8  
  187  15:20  Probe  
  188  15:39  Probe  
  189  15:52  Carrier x2, Nexus  
  177  16:00  Pylon  
  183  16:04  Pylon  
  183  16:11  High Templar  
  183  16:12  High Templar x5  
  183  16:16  Archon x2  
  183  16:17  Archon  
  195  16:21  Zealot  
  183  16:47  Stalker x8  
Show
View Real Time Build Order
Export as new Build Order

Lemon Zerg 

Build Orders: Hatch First, Brood Lord Corruptor 

Get SALT Encoding   

  12  0:00  Drone  
  13  0:13  Overlord  
  13  0:17  Drone  
  14  0:31  Drone x2  
  16  0:48  Hatchery  
  15  0:52  Drone  
  15  0:55  Drone  
  17  0:58  Drone  
  18  1:09  Extractor  
  17  1:13  Spawning Pool  
  17  1:17  Drone  
  17  1:20  Drone  
  18  1:30  Drone  
  19  1:43  Drone  
  20  1:47  Hatchery  
  20  1:50  Drone  
  20  2:00  Zergling x2  
  21  2:02  Drone  
  21  2:05  Queen  
  24  2:15  Queen  
  26  2:20  Overlord  
  26  2:26  Drone  
  26  2:27  Drone  
  28  2:32  Metabolic Boost  
  28  2:39  Zergling x4  
  28  2:40  Drone  
  31  2:49  Drone  
  31  2:50  Drone  
  33  2:51  Queen  
  34  3:00  Zergling x4  
  36  3:11  Queen  
  36  3:12  Drone x4  
  41  3:15  Overlord  
  41  3:21  Overlord  
  41  3:32  Overlord  
  41  3:33  Drone  
  41  3:34  Drone x4  
  46  3:39  Spore Crawler  
  46  3:41  Spore Crawler, Drone  
  45  3:45  Drone  
  46  3:52  Drone x3  
  46  3:54  Overlord  
  49  3:58  Drone x3  
  49  3:59  Drone  
  53  4:13  Drone  
  53  4:14  Drone x4  
  53  4:15  Extractor  
  53  4:16  Roach Warren, Extractor  
  55  4:24  Spore Crawler  
  54  4:25  Queen  
  54  4:27  Drone x5  
  61  4:32  Zergling x4  
  60  4:41  Lair  
  60  4:44  Drone x5  
  65  5:03  Spore Crawler  
  64  5:10  Drone  
  64  5:11  Drone x3  
  66  5:15  Overlord, Extractor x2  
  66  5:16  Evolution Chamber  
  66  5:18  Drone x3  
  66  5:26  Overlord x2  
  66  5:27  Overlord  
  66  5:32  Extractor  
  66  5:33  Drone  
  66  5:34  Drone x7  
  72  5:42  Zerg Melee Weapons Level 1  
  71  5:44  Overlord  
  71  5:47  Spire, Drone x3  
  73  5:50  Zergling x2  
  73  5:51  Zergling x6  
  74  6:00  Drone x3  
  77  6:05  Zergling x2  
  77  6:06  Zergling x2  
  77  6:08  Overseer  
  77  6:11  Hatchery  
  78  6:12  Drone  
  78  6:13  Drone x3  
  78  6:14  Overlord, Spine Crawler  
  81  6:25  Spore Crawler  
  78  6:26  Spore Crawler  
  78  6:28  Drone x3  
  78  6:29  Spore Crawler  
  74  6:36  Baneling Nest  
  74  6:38  Overlord  
  74  6:39  Overlord  
  71  6:40  Drone  
  71  6:42  Drone x2  
  74  6:47  Overlord  
  74  6:58  Hydralisk Den  
  74  6:59  Corruptor x7  
  74  7:01  Corruptor  
  84  7:09  Corruptor x2  
  86  7:16  Queen x2  
  86  7:20  Corruptor  
  92  7:28  Drone x7  
  94  7:35  Drone  
  95  7:44  Drone x11  
  92  7:48  Spore Crawler  
  92  7:50  Drone  
  92  7:51  Drone x2  
  104  7:58  Grooved Spines  
  104  8:05  Zerg Melee Weapons Level 2, Centrifical Hooks  
  104  8:10  Overlord  
  104  8:11  Overlord  
  104  8:12  Overlord x2  
  94  8:34  Drone  
  94  8:35  Drone x15  
  94  8:40  Drone  
  94  8:41  Drone x3  
  109  8:52  Extractor  
  108  8:56  Infestation Pit, Hydralisk x6  
  108  8:59  Hatchery  
  108  9:02  Hydralisk  
  118  9:05  Queen  
  118  9:08  Overlord x3, Hydralisk  
  118  9:09  Muscular Augments  
  119  9:16  Overlord x4  
  119  9:17  Overlord  
  119  9:21  Spine Crawler  
  118  9:25  Spine Crawler  
  118  9:28  Hydralisk x6  
  126  9:34  Hive  
  126  9:36  Hydralisk x3  
  131  9:45  Overlord  
  132  9:46  Hydralisk x5  
  132  9:49  Zergling x2  
  132  9:50  Zergling x2  
  132  9:51  Overseer  
  142  10:01  Hydralisk  
  142  10:02  Hydralisk x6  
  142  10:03  Zergling x2  
  154  10:16  Zergling x2  
  154  10:17  Zergling x14  
  160  10:24  Zergling x20  
  160  10:27  Overseer  
  170  10:29  Baneling x4  
  170  10:31  Zergling x2  
  170  10:35  Zergling x8  
  175  10:39  Zergling x2  
  175  10:41  Zerg Missile Weapons Level 1  
  175  10:45  Zergling x14  
  171  10:58  Greater Spire  
  171  10:59  Corruptor x4  
  171  11:02  Zergling x10  
  184  11:06  Zergling x10  
  184  11:09  Baneling x9  
  189  11:16  Zergling x2  
  189  11:17  Overlord x2  
  188  11:23  Zergling x2  
  188  11:24  Zergling x2  
  187  11:28  Adrenal Glands  
  187  11:30  Zergling x4  
  189  11:36  Pneumatized Carapace  
  189  11:39  Overseer  
  156  12:10  Zerg Flyer Weapons Level 1  
  156  12:12  Brood Lord x7  
  156  12:13  Zergling x2  
  156  12:14  Zergling x46  
  188  12:17  Baneling  
  188  12:18  Baneling x15  
  187  12:25  Zergling x2  
  187  12:26  Zergling x8  
  182  12:39  Zergling x2  
  182  12:40  Zergling x26  
  180  12:47  Drone x3  
  178  12:58  Zergling x10  
  178  13:02  Zergling x4  
  180  13:10  Zergling x2  
  180  13:11  Zergling x22  
  190  13:23  Zergling x2  
  190  13:24  Zergling x8  
  175  13:31  Corruptor x4  
  178  13:35  Corruptor  
  178  13:40  Extractor  
  179  13:41  Zerg Melee Weapons Level 3  
  179  13:46  Corruptor x6  
  191  13:54  Baneling x15  
  191  14:06  Brood Lord  
  174  14:30  Brood Lord  
  174  14:31  Brood Lord x4  
  167  14:39  Extractor x2  
  167  14:40  Zergling x46  
  187  14:47  Zerg Flyer Weapons Level 2  
  187  14:54  Zergling x2  
  187  14:55  Zergling x10  
  193  15:06  Corruptor x3  
  195  15:14  Drone  
  195  15:15  Drone x3  
  192  15:53  Hatchery  
  191  16:05  Corruptor x4  
  191  16:09  Overlord  
  199  16:24  Corruptor  
  156  16:47  Drone  
Tags
 
Add a new tag
Caveats
  • Supply blocks, unpowered buildings, or Contaminate may cause inaccurate times.
  • Supply counts are checked every 10 seconds.